 Dungeon Crawl Stone Soup version 0.24-a0-530-g18ba70b503 (webtiles) character file.

Game seed: 6296903196525231131

3775 Gargoyl the Chopper (level 9, -6/74 HPs)
             Began as a Centaur Abyssal Knight on Aug 7, 2019.
             Was an Elder of Lugonu.
             Mangled by an orc warrior
             ... wielding a +0 short sword
              (10 damage)
             ... on level 7 of the Dungeon.
             The game lasted 00:14:47 (10123 turns).

Gargoyl the Chopper (Centaur Abyssal Knight)       Turns: 10123, Time: 00:14:48

Health: -6/74      AC: 12    Str: 16    XL:     9   Next: 95%
Magic:  5/13       EV:  3    Int: 11    God:    Lugonu [****..]
Gold:   238        SH:  4    Dex: 11    Spells: 8/8 levels left

rFire    + . .     SeeInvis .   n - +1 war axe
rCold    . . .     Gourm    .   t - +1 buckler
rNeg     . . .     Faith    .   A - +0 plate armour
rPois    +         Spirit   .   (no helmet)
rElec    .         Reflect  .   (no cloak)
rCorr    .         Harm     .   l - +0 pair of gloves
MR       +....                  (no barding)
Stlth    ..........             (no amulet)
HPRegen  0.22/turn              p - +3 ring of slaying
MPRegen  0.13/turn              x - ring of protection from magic

@: very quick
A: large, hooves 3, deformed body, fire resistance 1, speed 2, poison
resistance, screaming 1, tough skin 3, MP-powered wands
a: Depart the Abyss, Bend Space, Banish, Corrupt, Renounce Religion


You were on level 7 of the Dungeon.
You worshipped Lugonu.
Lugonu was greatly pleased with you.
You were hungry.

You visited 1 branch of the dungeon, and saw 7 of its levels.
You visited the Abyss 1 time.

You collected 238 gold pieces.

Inventory:

Hand Weapons
 a - a +1 hand axe
 n - a +1 war axe (weapon)
Armour
 d - a +0 chain mail
 l - a +0 pair of gloves (worn)
 t - a +1 buckler (worn)
 A - a +0 plate armour (worn)
Jewellery
 p - a +3 ring of slaying (left hand)
 r - an uncursed ring of ice {unknown}
 w - an uncursed ring of stealth
 x - a ring of protection from magic (right hand)
 y - an uncursed ring of resist corrosion {unknown}
Wands
 e - a wand of flame (11)
 q - a wand of polymorph (15)
Scrolls
 f - 2 scrolls of identify
 g - 3 scrolls of fog
 k - 2 scrolls of remove curse
 B - a scroll of magic mapping
 C - 2 scrolls of enchant weapon
Potions
 h - 3 potions of curing
 i - a potion of cancellation {unknown}
 j - 4 potions of lignification
 m - a potion of brilliance {unknown}
 o - a potion of flight
 u - a potion of haste
 v - 2 potions of agility
Comestibles
 c - 13 rations


   Skills:
 + Level 5.4 Fighting
 + Level 6.8 Axes
 * Level 6.5 Armour
 * Level 3.7 Dodging
 + Level 1.1 Shields
 * Level 6.4 Invocations
 + Level 0.4 Evocations


You had 8 spell levels left.
You didn't know any spells.
Your spell library contained the following spells:

 Spells                   Type           Power        Failure   Level  Hunger
 Corona                   Hex            #......      100%        1    ##.....
 Ensorcelled Hibernation  Hex/Ice        #.....       100%        2    ###....
 Confuse                  Hex            #.......     100%        3    ####...
 Dazzling Spray           Conj/Hex       #.....       100%        3    ####...
 Tukima's Dance           Hex            #.......     100%        3    ####...


Dungeon Overview and Level Annotations

Branches:
Dungeon (7/15)             Temple (0/1) D:5

Altars:
Fedhas
Gozag
Qazlal
Ru
Vehumet
Xom
Zin
The Shining One

Shops:
D:4 }


Innate Abilities, Weirdness & Mutations

You have hooves in place of feet.
Armour fits poorly on your strangely shaped body.
You cover ground very quickly.
You have extremely tough skin. (AC +3)
Your flesh is heat resistant. (rF+)
Your system is resistant to poisons. (rPois)
You occasionally shout uncontrollably at your foes.
You expend magic power (3 MP) to strengthen your wands.


Message History

* * * LOW HITPOINT WARNING * * *
Press: ? - help, Shift-Dir - straight line, f/p - orc priest
Aim: an orc priest, wielding a +0 dagger (lightly wounded, chance to defeat MR: 84%)
The orc priest barely resists.
You feel somewhat more hungry. You block something's attack.
The orc priest hits you but does no damage.
The orc warrior hits you but does no damage.
Something hits you.
* * * LOW HITPOINT WARNING * * *
Press: ? - help, Shift-Dir - straight line, f/p - orc priest
Aim: an orc priest, wielding a +0 dagger (lightly wounded, chance to defeat MR: 84%)
The orc priest is devoured by a tear in reality.
Lugonu claims a new guest.
You are feeling hungry.
You block something's attack. You block the orc warrior's attack.
Press: ? - help, Shift-Dir - straight line
Aim: Disturbance (translocational energy)
You fail to use your ability.
Something hits you but does no damage.
The orc warrior hits you with a +0 short sword!
You die...

#...### #####
#...[.#
#.....#
###...# #...#
#...#
#######...###
#.....{.§...#
#....@o§....#
#######
#.....§.§...#
#......
#...........#
#......
#...........#
#......
#....)......#
#......
#...........#
#......
#...........#
#......
#...........#
#......
*,,,,,,,,,,,*
#######


You could see an orc warrior.

Vanquished Creatures
  Harold (D:7)
  4 yaks (D:7)
  Eustachio (D:4)
  Menkaure (D:7)
  A necrophage (D:5)
  A phantom (D:3)
  4 ogres
  A black bear (D:6)
  A centaur (D:7)
  2 bullfrogs
  2 scorpions (D:4)
  2 crimson imps (D:5)
  5 gnoll shamans (D:6)
  A jelly (D:6)
  4 hounds
  A bullfrog skeleton (D:6)
  2 orc priests (D:7)
  2 orc wizards (D:6)
  A centaur skeleton (D:6)
  Terence (D:2)
  4 iguanas
  3 worker ants (D:5)
  A hound zombie (D:5)
  32 gnolls
  5 adders
  2 shadow imps
  2 oozes
  An adder zombie (D:6)
  An adder skeleton (D:5)
  3 worms
  3 dart slugs
  5 leopard geckos
  23 orcs
  A ball python (D:5)
  2 giant cockroaches (D:3)
  7 goblins
  7 hobgoblins
  31 jackals
  4 kobolds
  6 quokkas
  4 bats
  4 frilled lizards
  4 rats
193 creatures vanquished.

Vanquished Creatures (others)
  2 yaks (D:7)
  An orc priest (D:7)
  An adder (D:7)
4 creatures vanquished.

Grand Total: 197 creatures vanquished

Notes
Turn   | Place    | Note
-------+----------+-------------------------------------------
     0 | Abyss:1  | Gargoyl the Centaur Abyssal Knight began the quest for the
                  | Orb.
     0 | Abyss:1  | Reached XP level 1. HP: 19/19 MP: 2/2
    44 | Abyss:1  | Found a corrupted altar of Lugonu.
    71 | Abyss:1  | Noticed a frost giant zombie
   159 | Abyss:2  | Noticed a large abomination
   202 | Abyss:2  | Noticed a small abomination
   205 | D:1      | Escaped the Abyss
   323 | D:1      | Reached XP level 2. HP: 26/26 MP: 3/3
   510 | D:1      | Reached skill level 1 in Dodging
   562 | D:1      | Reached * piety under Lugonu
   562 | D:1      | Reached XP level 3. HP: 15/31 MP: 4/4
  1258 | D:2      | Noticed Terence
  1277 | D:2      | Killed Terence
  1277 | D:2      | Reached XP level 4. HP: 23/39 MP: 5/5
  1839 | D:2      | Found a faded altar of an unknown god.
  1899 | D:3      | Noticed a phantom
  1960 | D:2      | HP: 2/40 [poisoned by an adder]
  1966 | D:2      | HP: 2/40 [poisoned by an adder]
  2742 | D:3      | Killed a phantom
  2742 | D:3      | Reached XP level 5. HP: 17/46 MP: 7/7
  3305 | D:3      | Reached ** piety under Lugonu
  3401 | D:3      | You fall into a shaft and drop 2 floors!
  3401 | D:5      | Entered Level 5 of the Dungeon
  3431 | D:5      | Reached XP level 6. HP: 37/52 MP: 8/8
  3553 | D:5      | HP: 2/52 [poisoned by a worker ant]
  3561 | D:5      | HP: 2/52 [poisoned by a worker ant]
  3980 | D:4      | Found Baumuq's Gadget Boutique.
  4298 | D:3      | Reached XP level 7. HP: 15/59 MP: 9/9
  5334 | D:4      | Found an opulent altar of Gozag.
  5335 | D:4      | Found a glowing silver altar of Zin.
  5335 | D:4      | Found a radiant altar of Vehumet.
  5335 | D:4      | Found a blossoming altar of Fedhas.
  5335 | D:4      | Found a sacrificial altar of Ru.
  5336 | D:4      | Found a stormy altar of Qazlal.
  5617 | D:4      | Found a glowing golden altar of the Shining One.
  5705 | D:5      | Found a staircase to the Ecumenical Temple.
  5725 | D:5      | Gained mutation: Your spells are a little easier to cast,
                  | but a little less powerful. [potion of mutation]
  5725 | D:5      | Gained mutation: You are weak. (Str -2) [potion of
                  | mutation]
  5725 | D:5      | Gained mutation: You have sharp fingernails. [potion of
                  | mutation]
  5998 | D:4      | HP: 2/59 [ogre/+0 giant club (21)]
  6519 | D:5      | Noticed Eustachio
  6534 | D:5      | Reached XP level 8. HP: 29/66 MP: 11/11
  6729 | D:4      | Lost mutation: Your spells are a little easier to cast, but
                  | a little less powerful. [potion of mutation]
  6729 | D:4      | Lost mutation: You are weak. (Str -2) [potion of mutation]
  6729 | D:4      | Lost mutation: You have sharp fingernails. [potion of
                  | mutation]
  6729 | D:4      | Gained mutation: Your flesh is heat resistant. (rF+)
                  | [potion of mutation]
  6729 | D:4      | Gained mutation: You expend magic power (3 MP) to
                  | strengthen your wands. [potion of mutation]
  6729 | D:4      | Gained mutation: You occasionally shout uncontrollably at
                  | your foes. [potion of mutation]
  6729 | D:4      | Gained mutation: Your system is resistant to poisons.
                  | (rPois) [potion of mutation]
  6739 | D:4      | Killed Eustachio
  6833 | D:5      | Reached skill level 5 in Axes
  7205 | D:6      | Found a shimmering altar of Xom.
  7646 | D:6      | Reached skill level 5 in Armour
  7665 | D:6      | Reached *** piety under Lugonu
  8727 | D:7      | Reached skill level 5 in Invocations
  8730 | D:7      | Reached XP level 9. HP: 19/73 MP: 12/12
  8735 | D:7      | Reached **** piety under Lugonu
  9042 | D:6      | Reached skill level 5 in Fighting
  9731 | D:7      | Noticed Menkaure
  9737 | D:7      | Killed Menkaure
  9737 | D:7      | Reached skill level 1 in Shields
  9742 | D:7      | Noticed Harold
  9763 | D:7      | Killed Harold
 10123 | D:7      | Mangled by an orc warrior

Levels and vault maps discovered:
D:1:      shiori_shiawase, layout_basic, corexii_hall_statues_x
D:2:      layout_rooms, chequers_ecumenical_altar_grove, kennysheep_doodads,
          grunt_ministairs_14, uniq_terence
D:3:      layout_basic
D:4:      layout_basic, marbit_many_paths, minitemple, serial_shops,
          nicolae_shop_stone, minmay_misc_feat_iff
D:5:      layout_loops_cross, minmay_temple_entry_statues_fountains,
          first_ration, uniq_eustachio
D:6:      lemuel_castle_with_subvaults [lemuel_castle_interior_carwin_2],
          layout_loops_ring, xom_teletrap_fun
D:7:      layout_basic, the_bakery, uniq_harold, uniq_prince_ribbit1,
          uniq_menkaure

Skill      XL: |  1  2  3  4  5  6  7  8  9 |
---------------+----------------------------+-----
Dodging        | 1 2 3 |  3.7
Axes           | 2 3 4 5 6 |  6.8
Armour         | 2 3 4 5 6 |  6.5
Invocations    | 3 4 5 6 |  6.4
Fighting       | 4 5 |  5.4
Shields        | 1 |  1.1
Evocations     | |  0.4

Action                   |  1- 3 |  4- 6 |  7- 9 || total
-------------------------+-------+-------+-------++-------
Melee: Hand axe          |    96 |   164 |   386 ||   646
       Kick              |    16 |    37 |    94 ||   147
       War axe           |       |       |     7 ||     7
Invok: Depart the Abyss  |     1 |       |       ||     1
       Bend Space        |       |       |     1 ||     1
       Banish            |       |       |     2 ||     2
Evoke: Wand              |       |     5 |     3 ||     8
  Use: Potion            |     1 |     2 |    15 ||    18
       Scroll            |     1 |     6 |     7 ||    14
 Stab: Invisible         |       |       |     9 ||     9
  Eat: Chunk             |       |     9 |    10 ||    19
       Ration            |       |       |     2 ||     2
Armor: Chain mail        |    69 |    91 |   136 ||   296
       Leather armour    |     1 |       |       ||     1
       Plate armour      |       |       |   165 ||   165
       Skin              |       |       |    37 ||    37
Dodge: Dodged            |    16 |    38 |    71 ||   125
Block: Buckler           |       |     1 |    75 ||    76

Table legend:
 A = Non-vault XP
 B = Vault XP
 C = Vault XP percentage of total XP
 D = Non-vault monster count
 E = Vault monster count
 F = Vault count percentage of total count
                 A         B        C        D         E       F
            +---------+---------+-------+---------+---------+-------
      Total |    3327 |    2067 |  38.3 |     140 |      57 |  28.9
            +---------+---------+-------+---------+---------+-------
        D:1 |      63 |       0 |   0.0 |      22 |       0 |   0.0
        D:2 |      62 |      39 |  38.6 |      13 |       3 |  18.8
        D:3 |     307 |       0 |   0.0 |      21 |       0 |   0.0
        D:4 |     433 |     232 |  34.9 |      15 |       2 |  11.8
        D:5 |     671 |       0 |   0.0 |      23 |       0 |   0.0
        D:6 |     551 |     632 |  53.4 |      25 |      50 |  66.7
        D:7 |    1240 |    1164 |  48.4 |      21 |       2 |   8.7
            +---------+---------+-------+---------+---------+-------
